 Dungeon Crawl Stone Soup version 0.29.1-2-gbd0b4ee654 (webtiles) character file.

Game seed: 4517775312302944085

23 mester the Trooper (level 3, 0/40 HPs)
             Began as an Ogre Cinder Acolyte on Dec 1, 2022.
             Was a High Priest of Ignis.
             Slain by an adder (1 damage)
             ... on level 2 of the Dungeon.
             The game lasted 00:18:06 (2682 turns).

mester the Trooper (Ogre Cinder Acolyte)            Turns: 2682, Time: 00:18:06

Health: 0/40       AC:  3    Str: 18    XL:     3   Next: 0%
Magic:  4/4        EV:  9    Int: 15    God:    Ignis [*****.]
Gold:   23         SH:  0    Dex:  6    Spells: 4/4 levels left

rFire   + . .      SeeInvis .   a - -1 hand axe (flame)
rCold   . . .      Faith    .   (no shield)
rNeg    . . .      Spirit   .   b - +0 robe
rPois   .          Reflect  .   (helmet restricted)
rElec   .          Harm     .   (no cloak)
rCorr   .          Rampage  .   (gloves unavailable)
Will    .....                   (boots unavailable)
Stlth   +.........              (no amulet)
HPRegen 0.13/turn               (no ring)
MPRegen 0.09/turn               (no ring)

@: lethally poisoned (0 -> -2)
A: large, unfitting armour, tough skin 1
a: Renounce Religion, Fiery Armour, Foxfire Swarm, Rising Flame


You were on level 2 of the Dungeon.
You worshipped Ignis.
Ignis was extremely pleased with you.
You visited 1 branch of the dungeon, and saw 2 of its levels.

You collected 23 gold pieces.

Inventory:

Hand Weapons
 a - a -1 hand axe of flaming (weapon)
 l - a +0 dagger
 m - a +0 club
Missiles
 c - 8 stones (quivered)
Armour
 b - a +0 robe (worn)
 h - a +2 leather armour of cold resistance
Jewellery
 i - an amulet of regeneration
Scrolls
 e - 2 scrolls of immolation
 k - a scroll of poison {unknown}
Potions
 d - a potion of haste {unknown}
 f - 2 potions of attraction {unknown}
 g - a potion of berserk rage {unknown}
 j - 2 potions of curing {unknown}


   Skills:
 + Level 4.5 Fighting
 + Level 3.7 Axes
 + Level 1.2 Spellcasting
 + Level 2.7 Fire Magic


You had 4 spell levels left.
You didn't know any spells.
Your spell library contained the following spells:

 Spells                   Type           Power      Damage    Failure   Level
 Scorch                   Fire           18%        2d5       12%         2


Dungeon Overview and Level Annotations

Branches:
Dungeon (2/15)

Altars:

Shops:
D:1 *


Innate Abilities, Weirdness & Mutations

You are too large for most types of armour.
You have tough skin. (AC +1)


Message History

The adder is heavily wounded.
You feel sick. The adder bites you but does no damage.
The adder barely misses you.
You barely miss the adder.
The adder is heavily wounded.
You feel sick. The adder bites you but does no damage.
You barely miss the adder.
The adder is heavily wounded.
You feel sick. The adder closely misses you. The adder barely misses you.
You hit the adder. You burn the adder.
The adder is almost dead.
You feel sick.
You are no longer poisoned.
The adder bites you.
* * * LOW HITPOINT WARNING * * *
You are poisoned.
The adder poisons you! The adder barely misses you.
You closely miss the adder. You punch the adder, but do no damage.
The adder is almost dead.
* * * LOW HITPOINT WARNING * * *
You feel sick. The adder bites you but does no damage.
You closely miss the adder.
The adder is almost dead.
* * * LOW HITPOINT WARNING * * *
You feel sick. The adder barely misses you.
You hit the adder but do no damage.
The adder is almost dead.
You feel sick. The adder bites you.
* * * LOW HITPOINT WARNING * * *
The adder bites you.
* * * LOW HITPOINT WARNING * * *
You barely miss the adder.
The adder is almost dead.
* * * LOW HITPOINT WARNING * * *
You feel sick. The adder bites you.
You die...

#..# # #..# .#
#..###. # ......
.. #)..##.#
#......# #...#
####..## #.@Sr.#
#.###.# #.##..#
#.##..# #.##..#
#.#####.##..###
#..............#
#######.##..##.#
#.##>....#


You could see an adder and a rat.

Vanquished Creatures
  An adder (D:2)
  3 ball pythons (D:1)
  2 bats (D:1)
  An endoplasm (D:1)
  A giant cockroach (D:1)
  A goblin (D:2)
  A hobgoblin (D:2)
  2 kobolds (D:1)
  A rat (D:1)
13 creatures vanquished.

Notes
Turn   | Place    | Note
-------+----------+-------------------------------------------
     0 | D:1      | mester the Ogre Cinder Acolyte began the quest for the Orb.
     0 | D:1      | Reached XP level 1. HP: 24/24 MP: 2/2
   576 | D:1      | Found Domadeps's Assorted Antiques.
   785 | D:1      | Reached XP level 2. HP: 33/33 MP: 3/3
  2670 | D:2      | Reached XP level 3. HP: 28/40 MP: 4/4
  2681 | D:2      | HP: 2/40 [adder (2)]
  2682 | D:2      | Slain by an adder

Illustrated notes

Levels and vault maps discovered:
D:1:      scummos_arrival_hexagon, layout_loops_cross, serial_shops, shop,
          minmay_distorted
D:2:      layout_loops_ring

Action                   || total
-------------------------++-------
Melee: Hand axe          ||    57
       Punch             ||     2
  Use: Scroll            ||     1
Armor: Robe              ||    27
Dodge: Dodged            ||    27
